 Dungeon Crawl Stone Soup version 0.29.1-15-g9cfb28693d (webtiles) character file.

Game seed: 2982056910138335147

1710 collide the Ruffian (level 8, 0/74 (80) HPs)
             Began as a Troll Fighter on Apr 8, 2023.
             Was an Elder of Zin.
             Slain by a wight
             ... wielding a +3 flail
              (6 damage)
             ... on level 7 of the Dungeon.
             The game lasted 00:25:17 (4626 turns).

collide the Ruffian (Troll Fighter)                 Turns: 4626, Time: 00:25:21

HP:   0/74 (80)     AC:  7    Str: 27    XL:     8   Next: 74%
MP:   7/7           EV:  9    Int:  4    God:    Zin [****..]
Gold: 396           SH:  8    Dex:  9    Spells: 7/7 levels left

rFire   + . .      SeeInvis .     - Unarmed
rCold   + . .      Faith    .   b - +0 kite shield
rNeg    . . .      Spirit   .   x - +0 steam dragon scales
rPois   +          Reflect  .   (helmet restricted)
rElec   +          Harm     .   (no cloak)
rCorr   +          Rampage  .   (gloves unavailable)
Will    .....                   (boots unavailable)
Stlth   +.........              j - amulet of regeneration
HPRegen 1.82/turn               n - +4 ring of slaying
MPRegen 0.10/turn               (no ring)

@: resistant, drained
A: large, unfitting armour, claws 3, regeneration 1, shaggy fur 1, tough skin 1
a: Renounce Religion, Recite, Vitalisation, Imprison, Donate Gold


You were on level 7 of the Dungeon.
You worshipped Zin.
Zin was greatly pleased with you.
You visited 1 branch of the dungeon, and saw 7 of its levels.

You collected 440 gold pieces.
You donated 44 gold pieces to Zin.

Inventory:

Hand Weapons
 o - a +0 giant club
 s - a +0 dagger
 C - the +8 flail "Jihalixt" {drain, *Slow rC+ MP+9 Dex+3}
   (You found it on level 7 of the Dungeon)

   A truly terrible weapon, it drains the life of any living foe it strikes.
   Dex:       It affects your dexterity (+3).
   rC:        It protects you from cold.
   MP:        It affects your magic capacity (+9).
   *Slow:     It may slow you when you take damage.
   Zin disapproves of the use of such an item.
Armour
 a - a +0 robe
 b - a +0 kite shield (worn)
 x - +0 steam dragon scales (worn)
Jewellery
 j - an amulet of regeneration (around neck)
 n - a +4 ring of slaying (left claw)
Wands
 p - a wand of charming (12)
Scrolls
 d - 3 scrolls of teleportation {unknown}
 e - a scroll of immolation {unknown}
 f - a scroll of summoning {unknown}
 h - 4 scrolls of identify {unknown}
 k - 2 scrolls of vulnerability {unknown}
 q - a scroll of silence {unknown}
 r - a scroll of fear {unknown}
 w - a scroll of butterflies {unknown}
 y - a scroll of magic mapping {unknown}
Potions
 c - a potion of might
 g - 3 potions of curing
 i - a potion of mutation {unknown}
 l - a potion of degeneration {unknown}
 m - 2 potions of attraction {unknown}
 t - 2 potions of magic {unknown}
 u - a potion of heal wounds {unknown}
 v - a potion of brilliance {unknown}
 z - 2 potions of berserk rage {unknown}
 A - 2 potions of resistance
 B - a potion of ambrosia {unknown}


   Skills:
 + Level 5.2 Fighting
 + Level 5.3 Dodging
 + Level 5.8 Shields
 + Level 5.8 Unarmed Combat


You had 7 spell levels left.
You didn't know any spells.
Your spell library contained the following spells:

 Spells                   Type           Power      Damage    Failure   Level
 Magic Dart               Conj           0%         1d3       77%         1
 Call Imp                 Summ           0%         N/A       88%         2
 Mephitic Cloud           Conj/Pois/Air  0%         N/A       98%         3


Dungeon Overview and Level Annotations

Branches:
Dungeon (7/15)             Temple (0/1) D:4

Altars:
Dithmenos
Gozag
Nemelex Xobeh
Vehumet
Xom
Zin
The Shining One

Shops:
D:5 =

Annotations:
D:7 Joseph


Innate Abilities, Weirdness & Mutations

You are too large for most types of armour.
You have claws for hands.
Your natural rate of healing is unusually fast.
You are covered in fur. (AC +1)
You have tough skin. (AC +1)


Message History

Joseph unwields a +0 sling.
Joseph wields a +0 quarterstaff.
You block Joseph's attack.
A wight comes into view.
It is wielding a +5 scimitar of freezing.
You closely miss the wight. Joseph hits you with a +0 quarterstaff!
Joseph hits you with a +0 quarterstaff. The wight hits you with a +0 dagger.
You feel drained. The wight hits you but does no damage.
You barely miss Joseph. Joseph misses you. The wight hits you with a +0 dagger!
The wight hits you with a +3 flail!
You feel drained.
You claw Joseph!
Joseph is moderately wounded.
Joseph smiles happily.
Joseph hits you with a +0 quarterstaff! The wight completely misses you.
The wight hits you with a +3 flail!
* * * LOW HITPOINT WARNING * * *
You scratch Joseph.
Joseph is moderately wounded.
You block Joseph's attack. The wight closely misses you.
The wight barely misses you.
You closely miss Joseph.
Joseph is moderately wounded.
You block Joseph's attack. The wight barely misses you. x2
You block the wight's attack.
You mangle Joseph!!
Joseph is heavily wounded.
Joseph closely misses you. You block the wight's attack.
The wight hits you with a +5 scimitar of freezing!
* * * LOW HITPOINT WARNING * * *
The wight freezes you.
* * * LOW HITPOINT WARNING * * *
The wight hits you with a +3 flail.
* * * LOW HITPOINT WARNING * * *
You feel drained.
* * * LOW HITPOINT WARNING * * *
You feel better. Joseph closely misses you.
The wight hits you with a +0 dagger.
* * * LOW HITPOINT WARNING * * *
You feel drained.
* * * LOW HITPOINT WARNING * * *
You block the wight's attack. The wight hits you with a +3 flail.
You die...

#..... ...## ##. ......
.....##... !.zz# .....# .........
#...# ##. .....## #....... #.z@##
#... ......###.....# ....##...:
##.....#......## #.........
##.............## #.........
#...............########.........
#......##.......@z...............
......#####)...z@z...............
.....## ###.....########.......
....## ##..### ....... ....##
#..# #.....) .....## #..# ....##
.#....# #..# #..## .##...## #..#
.## .###...## #..#


You could see Joseph and 3 wights.

Vanquished Creatures
  A steam dragon (D:6)
  A water moccasin (D:5)
  3 ice beasts
  2 ogres
  A centaur (D:6)
  A phantom (D:6)
  A necrophage (D:6)
  5 scorpions
  A howler monkey (D:5)
  A hound (D:6)
  2 jellies
  A gnoll bouda (D:4)
  An orc priest (D:5)
  An iguana (D:6)
  Terence (D:2)
  10 gnolls
  8 adders
  A shadow imp (D:7)
  2 worms (D:4)
  2 dart slugs
  12 orcs
  8 ball pythons
  5 bats
  5 endoplasms
  2 giant cockroaches
  7 goblins
  6 hobgoblins
  7 jackals
  8 kobolds
  6 quokkas
  2 frilled lizards
  2 rats
116 creatures vanquished.

Vanquished Creatures (others)
  16 plants
16 creatures vanquished.

Grand Total: 132 creatures vanquished

Notes
Turn   | Place    | Note
-------+----------+-------------------------------------------
     0 | D:1      | collide the Troll Fighter began the quest for the Orb.
     0 | D:1      | Reached XP level 1. HP: 22/22 MP: 0/0
   132 | D:1      | Reached XP level 2. HP: 29/29 MP: 1/1
   378 | D:1      | Noticed an eye of devastation
   381 | D:1      | Found a faded altar of an unknown god.
   398 | D:1      | Noticed a floating eye
   398 | D:1      | Noticed a golden eye
   398 | D:1      | Noticed a golden eye
   597 | D:2      | Noticed Terence
   610 | D:2      | Killed Terence
   611 | D:2      | Reached XP level 3. HP: 34/36 MP: 2/2
   783 | D:2      | Reached XP level 4. HP: 30/44 MP: 3/3
  1698 | D:3      | You fall into a shaft and drop 1 floor!
  1698 | D:4      | Found a glowing golden altar of the Shining One.
  1706 | D:4      | Noticed an ogre
  1720 | D:4      | Killed an ogre
  1721 | D:4      | Reached XP level 5. HP: 19/53 MP: 4/4
  1870 | D:4      | Reached XP level 6. HP: 61/61 MP: 5/5
  1937 | D:4      | Found a radiant altar of Vehumet.
  1946 | D:4      | Found a glowing silver altar of Zin.
  1955 | D:4      | Found a sparkling altar of Nemelex Xobeh.
  1969 | D:4      | Became a worshipper of Zin the Law-Giver
  1969 | D:4      | Reached * piety under Zin
  2169 | D:4      | Found a staircase to the Ecumenical Temple.
  2430 | D:4      | Reached XP level 7. HP: 58/68 MP: 6/6
  2481 | D:5      | Entered Level 5 of the Dungeon
  2573 | D:5      | Reached ** piety under Zin
  2606 | D:5      | Found Wuxar's Jewellery Emporium.
  2911 | D:5      | Found a shimmering altar of Xom.
  3321 | D:6      | Reached skill level 5 in Shields
  3321 | D:6      | Reached XP level 8. HP: 42/79 MP: 7/7
  3395 | D:6      | Reached skill level 5 in Unarmed Combat
  3403 | D:6      | Found an opulent altar of Gozag.
  3669 | D:6      | Reached *** piety under Zin
  3692 | D:6      | Found a shadowy altar of Dithmenos.
  3702 | D:6      | Found a transporter.
  3787 | D:6      | Found a transporter.
  3933 | D:6      | Reached skill level 5 in Dodging
  3940 | D:6      | Reached skill level 5 in Fighting
  4085 | D:6      | Reached **** piety under Zin
  4582 | D:7      | Identified the +8 flail "Jihalixt" {drain, *Slow rC+ MP+9
                  | Dex+3}
  4601 | D:7      | Noticed Joseph
  4626 | D:7      | Slain by a wight

Illustrated notes

Levels and vault maps discovered:
D:1:      mrwooster_arrival_statue_2, layout_rooms,
          hellmonk_ecumenical_altar_watching_god, chequers_decorated_corner,
          minmay_pentomino_t4
D:2:      minmay_recursive_quarters, layout_basic, minivault_11,
          hangedman_decor_riveting, uniq_terence
D:3:      layout_rooms, minmay_misc_feat_rugged
D:4:      layout_rooms, grunt_temple_overflow_diamond,
          mainiacjoe_overflow_small_starburst, minmay_temple_entry_fiery,
          nzn_random_ring
D:5:      layout_loops_ring, mainiacjoe_overflow_chevrons, serial_shops,
          nicolae_stop_n_shop_2
D:6:      gammafunk_cloud_chamber, layout_basic, mainiacjoe_overflow_alcove_4,
          grunt_dithmenos_smoke, lemuel_flamethrower_1
D:7:      layout_layer_cave, gammafunk_ghost_icy, uniq_joseph

Skill      XL: |  1  2  3  4  5  6  7  8 |
---------------+-------------------------+-----
Shields        | 3 4 5 |  5.8
Fighting       | 3 4 5 |  5.2
Dodging        | 3 4 5 |  5.3
Unarmed Combat | 3 4 5 |  5.8

Action                   |  1- 3 |  4- 6 |  7- 9 || total
-------------------------+-------+-------+-------++-------
Melee: Unarmed           |    76 |   125 |   180 ||   381
  Use: Potion            |       |       |     4 ||     4
Armor: Robe              |    22 |    54 |    30 ||   106
       Steam dragon scal |       |       |     2 ||     2
Dodge: Dodged            |    25 |    79 |    63 ||   167
Block: Kite shield       |    18 |    67 |    80 ||   165
